 Dungeon Crawl Stone Soup version 0.31.0-9-g3a7656b989 (webtiles) character file.

Game seed: 4005040824609065331

980 qw the Skirmisher (level 7, 0/40 HPs)
             Began as a Deep Elf Hunter on Feb 2, 2024.
             Slain by a hobgoblin (3 damage)
             ... on level 5 of the Dungeon.
             The game lasted 00:00:24 (4702 turns).

qw the Skirmisher (Deep Elf Hunter)                 Turns: 4702, Time: 00:00:25

Health: 0/40       AC:  5    Str: 10    XL:     7   Next: 96%
Magic:  9/9        EV: 11    Int: 14    God:
Gold:   351        SH:  0    Dex: 18    Spells: 6/6 levels left

rFire   + + .        a - +1 shortbow
rCold   . . .        (shield currently unavailable)
rNeg    . . .        c - +0 ring mail of Ignis's Generosity {rF++}
rPois   .            (no helmet)
rElec   .            (no cloak)
rCorr   .            (no gloves)
SInv    .            (no boots)
Will    .....        (no amulet)
Stlth   +            (no ring)
HPRegen 0.26/turn    (no ring)
MPRegen 0.11/turn

%: no passive effects
@: about to teleport
A: no striking features
a: no special abilities


You were on level 5 of the Dungeon.
You visited 1 branch of the dungeon, and saw 5 of its levels.
You also visited: Sewer.

You collected 351 gold pieces.


   Skills:
 + Level 2.4 Fighting
 - Level 12.0 Ranged Weapons
 - Level 1.6 Armour
 - Level 3.1 Dodging
 - Level 1.2 Stealth


You had 6 spell levels left.
You didn't know any spells.
Your spell library was empty.

Inventory:

Hand Weapons
 a - a +1 shortbow (weapon)
Armour
 c - the +0 ring mail of Ignis's Generosity (worn) {rF++}
   (You found it on level 2 of the Dungeon)

   rF++:      It greatly protects you from fire.
 d - a +1 ring mail
Wands
 b - a wand of roots (13)
 f - a wand of paralysis (4)
 h - a wand of flame (21)
Scrolls
 g - a scroll of enchant armour
Potions
 e - a potion of curing
 i - a potion of invisibility {unknown}
 k - a potion of attraction {unknown}
 l - a potion of haste {unknown}
 m - a potion of enlightenment {unknown}

Dungeon Overview and Level Annotations

Branches:
Dungeon (5/15)              Sewer (visited)
 Temple: D:4-7

Altars:
Elyvilon
Gozag
Qazlal
Zin
The Shining One


Message History

A gnoll comes into view. It is wielding a +0 flail.
You shoot an arrow. The arrow hits the gnoll.
The gnoll is moderately wounded.
The gnoll completely misses you.
You shoot an arrow. The arrow hits the gnoll.
The gnoll is heavily wounded.
A hobgoblin comes into view.
The gnoll hits you but does no damage. The hobgoblin barely misses you.
You shoot an arrow. The arrow barely misses the gnoll.
The hobgoblin closely misses you. The gnoll hits you but does no damage.
You shoot an arrow. The arrow hits the gnoll!
You kill the gnoll!
The hobgoblin barely misses you.
You shoot an arrow.
The arrow hits the gnoll but does no damage.
The gnoll barely misses you. The hobgoblin completely misses you.
You shoot an arrow. The arrow hits the gnoll!
The gnoll is severely wounded.
The gnoll hits you with a +0 flail.
The hobgoblin hits you but does no damage.
You shoot an arrow. The arrow completely misses the gnoll.
The hobgoblin hits you but does no damage. x2
The gnoll completely misses you.
You shoot an arrow. The arrow barely misses the gnoll.
The hobgoblin hits you but does no damage.
The gnoll hits you with a +0 flail. The hobgoblin hits you.
4699 ||| READING scroll of teleportation.
As you read the scroll of teleportation, it crumbles to dust.
You feel strangely unstable. The hobgoblin barely misses you.
The gnoll hits you with a +0 flail. The hobgoblin completely misses you.
You shoot an arrow. The arrow closely misses the gnoll.
The hobgoblin closely misses you. The gnoll hits you with a +0 flail.
The hobgoblin closely misses you.
You shoot an arrow. The arrow hits the gnoll!
You kill the gnoll!
The hobgoblin closely misses you. The hobgoblin barely misses you.
You shoot an arrow. The arrow closely misses the hobgoblin.
The hobgoblin hits you.
You die...

##################
..#..............#
).'..............#
###..............##+#
......########)..g..#
......# #..@$..#
......########...g$(#
###..............##'#
.)'..............# $#
..#....!.........# #
################## ~~~
~~~~~~~~~~~~~~~~~#####~~~
~~~~~~~~~~~~~~~~~~~~~~~~~
~~~~~~~~~~~~~~~~~~~~~~~~~


You could see 2 hobgoblins.

Vanquished Creatures
  Grinder (D:5)
  An ice beast (D:5)
  2 bullfrogs (Sewer)
  2 scorpions
  A bombardier beetle (D:4)
  A hound (D:5)
  2 sleepcaps
  An iguana (D:5)
  9 gnolls
  4 adders
  A ribbon worm (D:2)
  14 dart slugs
  10 orcs
  17 ball pythons
  4 endoplasms
  9 giant cockroaches
  5 goblins
  10 hobgoblins
  5 jackals (D:2)
  8 quokkas
  4 bats
  24 frilled lizards
  22 kobolds
  10 rats
167 creatures vanquished.

Notes
Turn   | Place    | Note
-------+----------+-------------------------------------------
     0 | D:1      | qw the Deep Elf Hunter began the quest for the Orb.
     0 | D:1      | Reached XP level 1. HP: 12/12 MP: 3/3
     0 | D:1      | 0 ||| qw: Version: 0.3-a-155-g5e7d8dd
     0 | D:1      | 0 ||| qw: Game counter: 2667
     0 | D:1      | 0 ||| qw: Melee chars always use a shield: true
     0 | D:1      | 0 ||| qw: God list: Okawaru
     0 | D:1      | 0 ||| qw: Allow faded altars: false
     0 | D:1      | 0 ||| qw: Do Orc after clearing Dungeon:15 true
     0 | D:1      | 0 ||| qw: Do second Lair branch before Depths: true
     0 | D:1      | 0 ||| qw: Lair rune preference: random
     0 | D:1      | 0 ||| qw: Goals: Normal
     0 | D:1      | 0 ||| PLANNING D:1-11
   103 | D:1      | Reached XP level 2. HP: 16/16 MP: 4/4
   118 | D:1      | Reached skill level 6 in Ranged Weapons
   223 | D:1      | Reached XP level 3. HP: 20/20 MP: 5/5
   554 | D:1      | 554 ||| UPGRADING to +0 ring mail.
   564 | D:1      | 564 ||| DROPPING +0 leather armour.
   565 | D:1      | 565 ||| READING scroll labelled IDIECK KAIMUO.
   565 | D:1      | 565 ||| ENCHANTING +0 shortbow.
   566 | D:1      | 566 ||| READING scroll labelled OBLEETSA QAUL.
   566 | D:1      | 566 ||| ENCHANTING +0 ring mail.
   567 | D:1      | 567 ||| READING scroll labelled ESIDGHI MOUCS.
   567 | D:1      | 567 ||| IDENTIFYING puce potion
   568 | D:1      | 568 ||| READING scroll labelled HURIR YRHA JAR.
   604 | D:1      | 604 ||| DROPPING scroll of butterflies.
   605 | D:1      | 605 ||| DROPPING potion of magic.
   668 | D:2      | Reached skill level 7 in Ranged Weapons
   668 | D:2      | 668 ||| FLEEEEING.
   681 | D:2      | Reached XP level 4. HP: 19/25 MP: 6/6
   691 | D:2      | 691 ||| FLEEEEING.
   758 | D:2      | Identified the +0 ring mail of Ignis's Generosity {rF++}
  1157 | D:2      | Reached skill level 8 in Ranged Weapons
  1375 | D:2      | 1375 ||| UPGRADING to +0 ring mail of Ignis's Generosity
                  | {rF++}.
  1385 | D:2      | 1385 ||| READING scroll labelled NUHEGI HUUCW.
  1544 | D:3      | Reached XP level 5. HP: 29/29 MP: 7/7
  1617 | D:3      | Found an opulent altar of Gozag.
  2553 | D:3      | 2553 ||| READING scroll labelled BABOAB LERYSYM.
  2554 | D:3      | 2554 ||| READING scroll labelled ELOGOSTR MOJIETOPN.
  2655 | D:3      | 2655 ||| DRINKING 3 purple potions.
  2689 | D:4      | 2689 ||| PLANNING SEWER
  2689 | D:4      | 2689 ||| STAIRDANCE
  2693 | D:4      | 2693 ||| STAIRDANCE
  2773 | D:4      | Reached skill level 9 in Ranged Weapons
  2806 | D:4      | Found a glowing drain.
  2815 | Sewer    | Entered a sewer
  2932 | Sewer    | Reached XP level 6. HP: 35/35 MP: 8/8
  3140 | Sewer    | Reached skill level 10 in Ranged Weapons
  3375 | Sewer    | 3375 ||| READING scroll labelled VEETOBR DU MAUNTU.
  3395 | D:4      | 3395 ||| PLANNING D:1-11
  3747 | D:4      | Reached skill level 3 in Dodging
  3928 | D:4      | 3928 ||| READING scroll of identify.
  3928 | D:4      | 3928 ||| IDENTIFYING ruby potion
  3929 | D:4      | 3929 ||| DROPPING potion of brilliance.
  3941 | D:5      | Entered Level 5 of the Dungeon
  4008 | D:5      | Found a stormy altar of Qazlal.
  4033 | D:5      | Noticed Grinder
  4039 | D:5      | 4039 ||| ZAPPING wand of paralysis (6) at 3,-2 (Grinder;
                  | floor).
  4040 | D:5      | 4040 ||| ZAPPING wand of paralysis (5) at 2,-1 (Grinder;
                  | floor).
  4048 | D:5      | Killed Grinder
  4049 | D:5      | Reached skill level 11 in Ranged Weapons
  4049 | D:5      | Reached XP level 7. HP: 40/40 MP: 9/9
  4080 | D:5      | Found a white marble altar of Elyvilon.
  4083 | D:5      | Found a glowing golden altar of the Shining One.
  4083 | D:5      | Found a glowing silver altar of Zin.
  4151 | D:5      | 4151 ||| FLEEEEING.
  4288 | D:5      | Noticed a fire elemental
  4305 | D:5      | Reached skill level 12 in Ranged Weapons
  4305 | D:5      | 4305 ||| DRINKING 2 potions of curing.
  4305 | D:5      | 4305 ||| (to cure poison)
  4381 | D:5      | Noticed an air elemental
  4583 | D:5      | Reached skill level 1 in Armour
  4698 | D:5      | HP: 7/40 [hobgoblin (4)]
  4699 | D:5      | 4699 ||| READING scroll of teleportation.
  4700 | D:5      | HP: 3/40 [gnoll/+0 flail (3)]
  4702 | D:5      | Slain by a hobgoblin

Levels and vault maps discovered:
D:1:      lightli_arrival_lavapool, layout_rooms, st_stairs_9,
          grunt_decor_clamped, wander_ebering_terrifying_dragon_lair
D:2:      layout_basic, chequers_serial_rivers_micro_c
D:3:      kennysheep_slugbush, layout_basic,
          nicolae_gozag_cash_rules_everything_around_me
D:4:      layout_cave_pools, portal_sewer_entry_d
D:5:      minmay_goblin_kobold_castle, layout_loops_ring,
          dreamdust_divine_triumvirate, nicolae_qazlal_style_of_elements,
          serial_bayou, serial_bayou_crossing, serial_bayou_shore_a,
          serial_bayou_lagoon_a, serial_bayou_pond_a, serial_bayou_shore_b,
          uniq_grinder

Skill      XL: |  1  2  3  4  5  6  7 |
---------------+----------------------+-----
Ranged Weapons | 6 7 8 9 11 12 | 12.0
Fighting       | 2 |  2.4
Dodging        | 3 |  3.1
Armour         | 1 |  1.6
Stealth        | |  1.2

Action                     |  1- 3 |  4- 6 |  7- 9 || total
---------------------------+-------+-------+-------++-------
   Fire: Shortbow          |    85 |   337 |    91 ||   513
  Evoke: Wand              |       |     2 |       ||     2
    Use: Scroll            |     4 |     5 |     1 ||    10
         Potion            |       |     1 |     1 ||     2
 Armour: Leather armour    |     4 |       |       ||     4
         Ring mail         |     2 |    73 |    29 ||   104
  Dodge: Dodged            |     9 |    77 |    24 ||   110

Table legend:
 A = Non-vault XP
 B = Vault XP
 C = Vault XP percentage of total XP
 D = Non-vault monster count
 E = Vault monster count
 F = Vault count percentage of total count
                 A         B        C        D         E       F
            +---------+---------+-------+---------+---------+-------
      Total |     733 |     667 |  47.6 |      98 |      69 |  41.3
            +---------+---------+-------+---------+---------+-------
        D:1 |      47 |       4 |   7.8 |      29 |       4 |  12.1
        D:2 |     101 |       0 |   0.0 |      29 |       0 |   0.0
        D:3 |      47 |      32 |  40.5 |      18 |       8 |  30.8
        D:4 |     211 |      13 |   5.8 |      17 |       1 |   5.6
        D:5 |     327 |     361 |  52.5 |       5 |      18 |  78.3
      Sewer |       0 |     257 | 100.0 |       0 |      38 | 100.0
            +---------+---------+-------+---------+---------+-------
